 Dungeon Crawl Stone Soup version 0.21.1-1-g345015f (webtiles) character file.

126 sking99 the Ogre Mage (level 5, -5/53 HPs)
             Began as an Ogre Transmuter on June 20, 2018.
             Slain by a gnoll
             ... wielding a +0 halberd
              (10 damage)
             ... on level 3 of the Dungeon.
             The game lasted 00:13:45 (4118 turns).

sking99 the Ogre Mage (Ogre Transmuter)             Turns: 4118, Time: 00:13:46

Health: -5/53      AC:  3    Str: 14    XL:     5   Next: 10%
Magic:  1/10       EV: 10    Int: 15    God:
Gold:   205        SH:  0    Dex:  9    Spells: 5/11 levels left

rFire    . . .     SeeInvis .     - Unarmed
rCold    . . .     Gourm    .   (no shield)
rNeg     . . .     Faith    .   b - +0 robe
rPois    .         Spirit   .   (helmet restricted)
rElec    .         Reflect  .   (no cloak)
rCorr    .         Harm     .   (gloves unavailable)
MR       .....                  (boots unavailable)
Stlth    +.........             (no amulet)
HPRegen  0.17/turn              (no ring)
MPRegen  0.12/turn              (no ring)

@: very slightly contaminated, very slow
A: large, unfitting armour, tough skin 1
a: no special abilities


You were on level 3 of the Dungeon.
You were hungry.

You visited 1 branch of the dungeon, and saw 3 of its levels.

You collected 205 gold pieces.

Inventory:

Armour
 b - a +0 robe (worn)
Jewellery
 f - a +3 ring of strength {unknown}
 n - an uncursed ring of positive energy {unknown}
Scrolls
 g - 3 scrolls of identify
 h - 2 scrolls of amnesia {unknown}
 i - 2 scrolls of enchant armour {unknown}
 k - a scroll of teleportation {unknown}
 l - 2 scrolls of remove curse {unknown}
Potions
 e - 3 potions of curing
 m - a potion of degeneration {unknown}
Books
 c - a book of Changes

   Spells                             Type                      Level
   a - Beastly Appendage              Transmutation                1
   b - Sticks to Snakes               Transmutation                2
   c - Spider Form                    Transmutation/Poison         3
   d - Ice Form                       Ice/Transmutation            4
   e - Blade Hands                    Transmutation                5
Comestibles
 d - 4 rations


   Skills:
 + Level 3.0 Fighting
 + Level 1.7 Dodging
 + Level 3.3 Unarmed Combat
 - Level 3.5 Spellcasting
 - Level 2.7 Transmutations
 - Level 1.0 Poison Magic


You had 5 spell levels left.
You knew the following spells:

 Your Spells              Type           Power        Failure   Level  Hunger
a - Beastly Appendage     Tmut           ##....       6%          1    None
b - Sticks to Snakes      Tmut           ##......     9%          2    ##.....
c - Spider Form           Tmut/Pois      #.........   26%         3    ###....


Dungeon Overview and Level Annotations

Branches:
Dungeon (3/15)

Altars:
Fedhas

Annotations:
D:2 Crazy Yiuf


Innate Abilities, Weirdness & Mutations

You are too large for most types of armour.
You have tough skin. (AC +1)


Message History

You enter the shallow water.
Moving in this stuff is going to be slow.
The gnoll barely misses you. The gnoll hits you with a halberd.
You barely miss the gnoll. The gnoll hits you with a halberd.
The gnoll closely misses you. The gnoll hits you with a halberd!
* * * LOW HITPOINT WARNING * * *
Casting: Spider Form
Confirm with . or Enter, or press ? or * to list all spells.
You miscast Sticks to Snakes.
Your skin glows momentarily.
The gnoll completely misses you.
Casting: Sticks to Snakes
Confirm with . or Enter, or press ? or * to list all spells.
You create a snake!
You now have 1 arrow.
The gnoll misses you.
The gnoll shaman splashes around in the water.
Casting: Sticks to Snakes
Confirm with . or Enter, or press ? or * to list all spells.
You create a snake!
You now have no arrows remaining.
The gnoll hits you with a halberd!
You die...

#....≈≈≈.# #....≈≈≈.#
#....≈≈≈.# #.P..≈≈≈.#
#....≈≈≈.# #....≈≈≈.#
#..S.≈≈≈.#..
#....≈≈###'#
#...P@≈#.g.##########
#...gg≈#ggg#.........
#...S≈≈#####≈≈≈≈≈≈≈≈≈
#....≈≈≈≈≈≈≈≈≈≈≈≈≈≈≈≈
#P...≈≈≈≈≈≈≈≈≈≈≈≈≈≈≈≈
#.......(...)).......
#####################


You could see a gnoll shaman, a gnoll and 2 friendly ball pythons.

Vanquished Creatures
  2 gnolls (D:3)
  3 adders
  2 dart slugs
  A leopard gecko (D:2)
  6 orcs (D:3)
  3 giant cockroaches (D:3)
  8 goblins
  4 hobgoblins
  14 jackals
  6 bats
  2 frilled lizards
  6 kobolds
  5 rats
62 creatures vanquished.

Vanquished Creatures (collateral kills)
  A worm (D:1)
  3 kobolds
4 creatures vanquished.

Grand Total: 66 creatures vanquished

Notes
Turn   | Place    | Note
-------+----------+-------------------------------------------
     0 | D:1      | sking99 the Ogre Transmuter began the quest for the Orb.
     0 | D:1      | Reached XP level 1. HP: 19/19 MP: 3/3
   593 | D:1      | Reached XP level 2. HP: 26/28 MP: 5/5
  1178 | D:1      | Learned a level 2 spell: Sticks to Snakes
  1940 | D:2      | Found a blossoming altar of Fedhas.
  2000 | D:1      | Reached XP level 3. HP: 26/36 MP: 6/6
  2145 | D:2      | Learned a level 3 spell: Spider Form
  2672 | D:2      | Found a runed door.
  2997 | D:2      | Noticed Crazy Yiuf
  3317 | D:3      | Reached XP level 4. HP: 45/45 MP: 6/8
  3352 | D:3      | Reached skill level 1 in Poison Magic
  3987 | D:3      | Reached XP level 5. HP: 40/53 MP: 0/10
  4118 | D:3      | Slain by a gnoll

Skill      XL: |  1  2  3  4 |
---------------+-------------+-----
Fighting       | 2 3 |  3.0
Unarmed Combat | 3 |  3.3
Transmutations | 2 |  2.7
Poison Magic   | 1 |  1.0
Spellcasting   | 3 |  3.5
Dodging        | |  1.7

Action                   |  1- 3 |  4- 6 || total
-------------------------+-------+-------++-------
Melee: Unarmed           |   185 |    94 ||   279
       Punch             |     1 |     2 ||     3
 Cast: Sticks to Snakes  |    10 |     2 ||    12
       Spider Form       |       |     9 ||     9
  Use: Scroll            |     1 |       ||     1
       Potion            |     1 |       ||     1
 Stab: Sleeping          |       |     2 ||     2
  Eat: Ration            |     2 |       ||     2
       Chunk             |     4 |     1 ||     5
Armor: Robe              |    55 |    17 ||    72
       Skin              |       |     7 ||     7
Dodge: Dodged            |   117 |    86 ||   203
